AoeStats
← dokken486

Arena

509318466Analyzed
4v4 RM · 6d ago on Sep 26, 2026· 60m 46s· 8 players
Game mode
Random Map
Map size
Large (8 player)
Population
200
Speed
Normal
Resources
Standard
Victory
Conquest
Starting age
Dark Age
Ending age
Imperial Age
RankedLock teamsTeams togetherTeam positionsShared explorationLock speedFull tech treeHidden civsTurbo modeCheats
Victory
Defeat
1044
+13
🇨🇳 Chinese · China
1000
+45
🇿🇦 Goths · South Africa
926
+18
🇹🇼 Byzantines · Taiwan
914
+18
🇬🇧 Teutons · United Kingdom
1071
-20
🇮🇩 Poles · Indonesia
988
-17
🇷🇺 Romans · Russia
929
-41
🇺🇸 Franks · United States
901
-13
RenHao
10:48 Feudal Age
15:16 Castle Age
14:42 Double-Bit Axe
17:23 Horse Collar
22:29 Wheelbarrow
23:26 Heavy Plow
27:40 Imperial Age
26:29 Bow Saw
26:50 Pikeman
27:30 Squires
27:41 Scale Mail Armor
27:51 Forging
29:44 Chemistry
29:12 Hand Cart
29:49 Chain Mail Armor
29:25 Fletching
31:21 Iron Casting
33:27 Ballistics
33:45 Thumb Ring
33:39 Bodkin Arrow
33:45 Padded Archer Armor
34:52 Halberdier
39:04 Bracer
57:39 Two-Man Saw
58:33 Crop Rotation
863111034
5:06 Loom
13:27 Feudal Age
17:41 Double-Bit Axe
19:11 Horse Collar
19:57 Scale Mail Armor
20:57 Padded Archer Armor
20:50 Stone Mining
20:55 Gold Mining
22:59 Wheelbarrow
23:38 Scale Barding Armor
25:39 Castle Age
26:01 Bloodlines
25:46 Fletching
27:28 Husbandry
29:51 Hand Cart
29:41 Heavy Plow
29:54 Bow Saw
30:22 Gold Shaft Mining
30:26 Stone Shaft Mining
32:24 Leather Archer Armor
33:31 Loom
33:34 Town Watch
36:23 Imperial Age
35:11 Ballistics
34:53 Bodkin Arrow
35:20 Chain Barding Armor
36:45 Town Patrol
37:00 Great Wall
36:44 Pikeman
37:43 Chain Mail Armor
37:39 Forging
40:06 Plate Mail Armor
40:07 Ring Archer Armor
39:38 Bracer
40:32 Elite Fire Lancer
41:52 Iron Casting
44:12 Conscription
45:04 Blast Furnace
44:41 Plate Barding Armor
45:16 Chemistry
45:20 Capped Ram
48:41 Siege Ram
49:52 Elite Chu Ko Nu
51:04 Bombard Tower
53:48 Rocketry
53:26 Cavalier
54:11 Squires
53:32 Halberdier
Malcupa
0:27 Loom
12:09 Feudal Age
12:55 Horse Collar
13:02 Double-Bit Axe
17:35 Town Watch
18:14 Gold Mining
18:15 Stone Mining
20:45 Castle Age
19:23 Wheelbarrow
19:20 Fletching
21:08 Forging
20:59 Scale Mail Armor
21:51 Bow Saw
23:37 Iron Casting
25:15 Heavy Plow
25:47 Squires
26:05 Chain Mail Armor
28:05 Bodkin Arrow
32:50 Imperial Age
30:39 Hand Cart
31:48 Pikeman
31:49 Man-at-Arms
34:43 Blast Furnace
34:05 Conscription
33:16 Halberdier
33:32 Long Swordsman
34:08 Two-Handed Swordsman
34:51 Treadmill Crane
37:00 Guilds
37:30 Ballistics
37:23 Masonry
37:09 Murder Holes
39:28 Chemistry
39:14 Champion
39:16 Halberdier
41:05 Architecture
42:43 Perfusion
51:37 Two-Man Saw
51:08 Crop Rotation
53:42 Fervor
53:53 Sanctity
60:12 Anarchy
59:38 Elite Huskarl
꧁༺乡 SC∆R 乡 ༻꧂
7:28 Loom
13:39 Feudal Age
14:32 Double-Bit Axe
14:28 Horse Collar
14:41 Gold Mining
19:18 Castle Age
23:52 Imperial Age
22:58 Gold Shaft Mining
23:49 Padded Archer Armor
26:04 Leather Archer Armor
30:13 Ring Archer Armor
31:40 Wheelbarrow
30:51 Town Watch
36:42 Hand Cart
39:16 Fletching
40:01 Thumb Ring
40:13 Thumb Ring
41:14 Scale Barding Armor
41:20 Forging
41:33 Ballistics
42:02 Heavy Camel Rider
42:52 Bloodlines
42:42 Husbandry
43:04 Chain Barding Armor
45:35 Plate Barding Armor
45:36 Iron Casting
49:04 Artillery
49:25 Conscription
48:31 Elite Janissary
50:29 Masonry
im just gettin lucky
10:40 Feudal Age
11:14 Double-Bit Axe
17:43 Castle Age
22:04 Bow Saw
22:14 Stone Mining
29:21 Gold Mining
32:56 Imperial Age
30:36 Husbandry
31:34 Gold Shaft Mining
32:15 Wheelbarrow
32:08 Scale Barding Armor
33:50 Chain Barding Armor
33:41 Forging
34:22 Cavalier
36:24 Conscription
36:40 Paladin
Paladins Order
5:07 Loom
11:11 Feudal Age
16:07 Castle Age
15:08 Double-Bit Axe
15:05 Horse Collar
17:19 Wheelbarrow
18:01 Forging
22:34 Bow Saw
24:05 Szlachta Privileges
26:36 Hand Cart
29:04 Imperial Age
26:51 Husbandry
27:26 Bloodlines
27:53 Scale Barding Armor
27:37 Light Cavalry
29:16 Cavalier
31:14 Conscription
31:56 Iron Casting
32:56 Winged Hussar
33:55 Capped Ram
36:47 Lechitic Legacy
40:06 Blast Furnace
44:30 Chain Barding Armor
47:07 Fletching
48:10 Ballistics
54:01 Murder Holes
55:08 Bodkin Arrow
56:03 Scale Mail Armor
dokken486
20:11 Feudal Age
21:45 Wheelbarrow
20:55 Town Watch
35:42 Castle Age
Horahlooks
12:33 Feudal Age
17:13 Castle Age
15:30 Double-Bit Axe
15:54 Horse Collar
18:14 Bow Saw
19:29 Wheelbarrow
26:37 Gold Mining
26:37 Stone Mining
26:52 Heavy Plow
29:53 Imperial Age
27:41 Hand Cart
27:11 Town Watch
27:12 Loom
27:59 Scale Barding Armor
28:04 Forging
29:36 Chain Barding Armor
29:34 Bloodlines
31:09 Iron Casting
31:10 Plate Barding Armor
30:14 Cavalier
31:56 Conscription
32:16 Scale Mail Armor
34:26 Chemistry
35:54 Paladin
39:55 Elite Teutonic Knight
41:05 Chain Mail Armor
41:51 Blast Furnace
44:00 Two-Man Saw
43:32 Crop Rotation
47:24 Pikeman
48:02 Halberdier
49:30 Fortified Wall
49:55 Plate Mail Armor
49:44 Halberdier
50:27 Man-at-Arms
50:52 Gambesons
51:08 Squires
50:53 Arson
52:04 Long Swordsman
52:43 Two-Handed Swordsman
55:15 Champion
55:51 Heavy Scorpion
57:26 Ballistics
Connection lost

Rejoining the realm…

Still unreachable

The connection could not be restored.

Session expired

The server has moved on; the page needs a fresh start.